 Dungeon Crawl Stone Soup version 0.27-a0-406-g23f261fbd2 (webtiles) character file.

Game seed: 16565669738900719261

270 wakim the Vexing (level 6, 0/32 HPs)
             Began as a Kobold Enchanter on Feb 22, 2021.
             Slain by an orc wizard
             ... wielding a +0 dagger
              (3 damage)
             ... on level 3 of the Dungeon.
             The game lasted 00:13:52 (4592 turns).

wakim the Vexing (Kobold Enchanter)                 Turns: 4592, Time: 00:13:53

Health: 0/32       AC:  2    Str:  8    XL:     6   Next: 47%
Magic:  12/12      EV: 15    Int: 16    God:
Gold:   105        SH:  0    Dex: 15    Spells: 10/13 levels left

rFire    + . .     SeeInvis .   a - +1 dagger
rCold    + + .     Faith    .   (shield restricted)
rNeg     + . .     Spirit   .   p - +0 robe
rPois    +         Reflect  .   (no helmet)
rElec    +         Harm     .   i - scarf {+Inv}
rCorr    +         Rampage  .   (no gloves)
Will     .....                  (no boots)
Stlth    ++++......             (no amulet)
HPRegen  0.10/turn              h - ring of protection from cold
MPRegen  0.13/turn              l - ring of positive energy

@: mighty, brilliant, resistant
A: small, nightstalker 3
a: Evoke Invisibility


You were on level 3 of the Dungeon.
You visited 1 branch of the dungeon, and saw 3 of its levels.

You collected 105 gold pieces.

Inventory:

Hand Weapons
 a - a +1 dagger (weapon)
 b - a +0 hunting sling
Missiles
 j - 138 stones
 r - 24 sling bullets
Armour
 e - a +0 ring mail
 i - a scarf of invisibility (worn)
 p - a +0 robe (worn)
Jewellery
 h - a ring of protection from cold (left hand)
 l - a ring of positive energy (right hand)
Scrolls
 c - 6 scrolls of identify {unknown}
 d - 2 scrolls of enchant armour {unknown}
 f - 2 scrolls of teleportation {unknown}
 g - a scroll of fear {unknown}
 k - a scroll of random uselessness {unknown}
Potions
 o - 2 potions of brilliance


   Skills:
 + Level 3.5 Short Blades
 - Level 2.4 Dodging
 - Level 4.0 Stealth
 * Level 4.3 Spellcasting
 * Level 4.9 Hexes


You had 10 spell levels left.
You knew the following spells:

 Your Spells              Type           Power        Failure   Level
a - Corona                Hex            31%          2%          1
b - Ensorcelled Hibernat  Hex/Ice        34%          9%          2

Your spell library contained the following spells:

 Spells                   Type           Power        Failure   Level
 Confusing Touch          Hex            28%          7%          3
 Tukima's Dance           Hex            28%          7%          3
 Dazzling Flash           Conj/Hex       34%          19%         3


Dungeon Overview and Level Annotations

Branches:
Dungeon (3/15)

Altars:
Cheibriados
Elyvilon
Zin
The Shining One


Innate Abilities, Weirdness & Mutations

You are small and have problems with some larger weapons.
You are completely attuned to the shadows.


Message History

You shoot a sling bullet. Something hits you but does no damage.
Something hits you.
Unknown command.
Casting: Ensorcelled Hibernation (safe; 9% risk of failure)
Confirm with . or Enter, or press ? or * to list all spells.
Okay, then.
a - a +1 dagger (weapon)
You barely miss something. Something hits you.
You hit something. Something barely misses you.
You hit something.
You hear some strange, mumbled words.
Something tries to affect you, but you resist.
You miss something. You closely miss something. Something barely misses you.
You miss something. Something hits you.
You hit something.
You hear some strange, mumbled words.
You are confused.
You hit something but do no damage. Something hits you.
* * * LOW HITPOINT WARNING * * *
You hit something but do no damage. Something hits you.
* * * LOW HITPOINT WARNING * * *
You bump into the rock wall.
Something hits you but does no damage.
You're too confused to move!
Something hits you.
* * * LOW HITPOINT WARNING * * *
It was a potion of brilliance.
You feel clever all of a sudden. Something hits you.
* * * LOW HITPOINT WARNING * * *
It was a potion of magic.
Magic courses through your body. Something hits you but does no damage.
It was a potion of might.
You feel very mighty all of a sudden.
You hear some strange, mumbled words.
A puff of flame appears from out of thin air!
The puff of flame misses you.
It was a potion of resistance.
You feel protected.
You feel less confused. Something hits you.
You die...

#.##### ####.##.#
.gg)..#.#####.#.###
.####g#.......#.#.####
#.#######.#...#... #(#
#.###.#.## #(# #.#
#.#.# #g# #.# #.#.#
#{# #.# #.#.#
#@#######.# #.#.#
#.......[.# #.#.#
########### #.#.#
#.#.# #...# #####


You could see a goblin.

Vanquished Creatures
  A centaur (D:3)
  2 orc priests (D:3)
  2 gnolls (D:2)
  4 adders
  An ooze (D:2)
  4 worms
  A dart slug (D:2)
  2 leopard geckos
  4 orcs (D:3)
  3 giant cockroaches
  3 goblins
  5 hobgoblins
  7 jackals
  9 bats
  2 frilled lizards
  6 kobolds
  7 rats
63 creatures vanquished.

Notes
Turn   | Place    | Note
-------+----------+-------------------------------------------
     0 | D:1      | wakim the Kobold Enchanter began the quest for the Orb.
     0 | D:1      | Reached XP level 1. HP: 10/10 MP: 3/3
   518 | D:1      | Reached XP level 2. HP: 15/15 MP: 5/5
   787 | D:1      | Learned a level 2 spell: Ensorcelled Hibernation
   941 | D:1      | Reached XP level 3. HP: 19/19 MP: 7/7
  1881 | D:2      | Reached XP level 4. HP: 17/24 MP: 8/8
  2060 | D:2      | Found a glowing silver altar of Zin.
  2060 | D:2      | Found a white marble altar of Elyvilon.
  2155 | D:2      | Found a glowing golden altar of the Shining One.
  3736 | D:3      | Reached XP level 5. HP: 27/28 MP: 10/10
  4289 | D:3      | Noticed a centaur
  4292 | D:3      | Killed a centaur
  4293 | D:3      | Reached XP level 6. HP: 32/32 MP: 10/12
  4356 | D:3      | Found a snail-covered altar of Cheibriados.
  4592 | D:3      | Slain by an orc wizard

Illustrated notes

Levels and vault maps discovered:
D:1:      psy_arrival_dodecagon, layout_loops_corners, minmay_pentomino_x4
D:2:      minmay_chambers_of_ones, layout_loops_ring,
          nicolae_tso_carved_into_rock, gammafunk_temple_overflow_pools,
          cheibrodos_gnoll_hut
D:3:      layout_basic, cheibriados_altar_1, nrook_mini_backslash

Skill      XL: |  1  2  3  4  5 |
---------------+----------------+-----
Short Blades   | 2 3 |  3.5
Spellcasting   | 3 4 |  4.3
Hexes          | 4 |  4.9
Dodging        | |  2.4
Stealth        | |  4.0

Action                   |  1- 3 |  4- 6 || total
-------------------------+-------+-------++-------
Melee: Dagger            |    80 |   106 ||   186
 Fire: Hunting sling     |    10 |    37 ||    47
 Cast: Ensorcelled Hiber |     1 |    33 ||    34
  Use: Potion            |     1 |     4 ||     5
 Stab: Sleeping          |    19 |    20 ||    39
Armor: Ring mail         |    16 |    11 ||    27
       Robe              |       |     4 ||     4
Dodge: Dodged            |    29 |    69 ||    98

Table legend: (Time is in decaauts)
 A = Elapsed time spent in this place.
 B = Non-inter-level travel time spent in this place.
 C = Inter-level travel time spent in this place.
 D = Time resting spent in this place.
 E = Time spent auto-exploring this place.
 F = Levels seen in this place.
 G = Mean time per level.
                   A        B        C        D        E       F      G
               +--------+--------+--------+--------+--------+-----+--------+
         Total |   4545 |   4305 |    240 |   1394 |   2128 |   3 | 1515.0 |
       Dungeon |   4545 |   4305 |    240 |   1394 |   2128 |   3 | 1515.0 |
               +--------+--------+--------+--------+--------+-----+--------+

Top non-repeatable levels by time:
     D:2: 2032 daAuts
     D:1: 1481 daAuts
     D:3: 1031 daAuts
